Map: [ESL] Cosmic Sapphire

Players

Astrea - Winner!

  • Race: Protoss Protoss
  • Spawn Location: 5:00

Lambo

  • Race: Zerg Zerg
  • Spawn Location: 11:00

Event: DreamHack SC2 Masters 2022 Atlanta (Offline)

VOD

Have the link to the VOD?

Description

Time

  • Played on: Nov. 19, 2022, 10:08 a.m.
  • Length: 13:41

All games in this series

Show
View Real Time Build Order
Export as new Build Order

Astrea Protoss - Winner!

Build Orders: 1 Gate Expand, Oracle Opening, Mass Phoenix, Zealot Archon 

Get SALT Encoding   

  12  0:00  Probe  
  13  0:12  Probe  
  14  0:16  Pylon  
  14  0:24  Probe  
  15  0:29  Assimilator  
  15  0:36  Probe (Chrono Boost)  
  15  0:42  Gateway  
  16  0:48  Probe (Chrono Boost)  
  17  0:54  Probe (Chrono Boost)  
  18  1:03  Probe  
  19  1:15  Probe  
  20  1:22  Nexus  
  20  1:31  Cybernetics Core  
  20  1:34  Probe  
  20  1:39  Assimilator  
  21  1:46  Probe  
  22  1:49  Pylon  
  22  1:59  Probe (Chrono Boost)  
  23  2:05  Adept (Chrono Boost)  
  23  2:08  Probe (Chrono Boost)  
  24  2:13  Stargate, Probe (Chrono Boost)  
  27  2:21  Warp Gate  
  27  2:25  Probe  
  30  2:33  Probe (Chrono Boost)  
  30  2:35  Stalker  
  31  2:43  Probe (Chrono Boost)  
  33  2:45  Probe (Chrono Boost)  
  33  2:49  Probe (Chrono Boost)  
  33  2:50  Probe (Chrono Boost)  
  35  2:58  Oracle (Chrono Boost)  
  38  3:00  Probe  
  38  3:01  Probe  
  38  3:02  Pylon  
  40  3:12  Probe  
  41  3:13  Probe  
  42  3:24  Probe  
  42  3:25  Probe  
  42  3:26  Oracle (Chrono Boost)  
  44  3:32  Nexus  
  47  3:36  Probe  
  47  3:40  Pylon  
  48  3:42  Probe  
  50  3:48  Probe  
  50  3:52  Assimilator  
  50  3:54  Assimilator, Probe  
  51  3:58  Stargate  
  51  4:00  Probe  
  52  4:06  Probe  
  53  4:10  Adept  
  53  4:12  Probe  
  53  4:15  Pylon  
  53  4:16  Phoenix  
  58  4:18  Probe  
  59  4:24  Probe  
  59  4:31  Probe  
  61  4:36  Probe  
  62  4:43  Probe  
  62  4:44  Probe  
  64  4:49  Probe  
  64  4:52  Phoenix x2 (Chrono Boost)  
  65  4:55  Probe  
  65  4:56  Probe  
  67  5:01  Adept, Probe  
  67  5:02  Shield Battery  
  70  5:07  Probe  
  70  5:08  Probe  
  70  5:09  Phoenix x2 (Chrono Boost)  
  70  5:13  Probe  
  77  5:19  Probe  
  77  5:20  Probe  
  79  5:21  Forge  
  79  5:22  Twilight Council  
  79  5:25  Probe  
  80  5:29  Phoenix x2 (Chrono Boost)  
  80  5:31  Probe  
  80  5:34  Assimilator  
  85  5:36  Assimilator  
  85  5:40  Pylon  
  85  5:43  Probe  
  85  5:57  Phoenix x2 (Chrono Boost)  
  85  5:58  Probe x3  
  85  6:01  Robotics Facility  
  85  6:02  Protoss Ground Weapons Level 1 (Chrono Boost)  
  92  6:04  Pylon  
  92  6:08  Charge (Chrono Boost)  
  92  6:10  Probe  
  93  6:21  Gateway  
  93  6:22  Probe x3  
  93  6:24  Gateway  
  96  6:25  Gateway  
  96  6:28  Gateway  
  96  6:29  Gateway  
  96  6:32  Gateway  
  94  6:34  Probe  
  94  6:37  Gateway, Templar Archives  
  95  6:48  Gateway  
  95  6:49  Gateway  
  95  6:50  Pylon  
  95  6:52  Pylon  
  95  6:53  Warp Prism (Chrono Boost)  
  95  6:57  Zealot  
  99  7:15  Nexus  
  99  7:16  Pylon  
  99  7:21  High Templar x4  
  107  7:23  Observer  
  107  7:26  Archon  
  107  7:27  Archon  
  107  7:29  Probe x3  
  111  7:31  Pylon  
  111  7:32  High Templar x2  
  111  7:33  Pylon, Zealot  
  111  7:34  Pylon  
  111  7:36  Archon, Pylon  
  117  7:38  Zealot  
  117  7:42  Photon Cannon  
  119  7:44  Immortal, Shield Battery  
  119  7:48  Zealot  
  119  7:50  Probe x3  
  128  8:03  High Templar x2  
  128  8:04  Zealot x4, High Templar  
  128  8:05  Zealot, High Templar  
  146  8:07  Archon  
  146  8:08  Probe x3  
  146  8:09  Archon  
  149  8:20  Probe x2  
  149  8:23  Immortal  
  149  8:25  Zealot x4  
  154  8:27  Probe  
  154  8:28  Zealot x2  
  154  8:32  Probe  
  155  8:39  Nexus  
  155  8:42  Protoss Ground Weapons Level 2 (Chrono Boost)  
  155  8:52  Zealot  
  155  8:55  Pylon  
  157  8:56  Pylon  
  157  8:57  Pylon  
  157  8:58  Probe  
  147  9:06  Probe  
  147  9:09  Immortal (Chrono Boost), Probe  
  141  9:14  Probe  
  144  9:18  Probe  
  144  9:21  Pylon, Probe  
  144  9:22  High Templar x4  
  144  9:23  Pylon  
  154  9:26  Assimilator  
  154  9:28  Assimilator  
  154  9:29  Archon x2  
  150  9:36  Photon Cannon, Nexus  
  150  9:38  Photon Cannon  
  150  9:41  Observer (Chrono Boost)  
  150  9:44  Pylon  
  151  9:55  Robotics Bay, Zealot x7  
  151  9:56  Zealot x3  
  171  10:06  Immortal (Chrono Boost), Blink  
  175  10:09  Photon Cannon  
  175  10:11  Photon Cannon  
  175  10:12  Photon Cannon  
  175  10:33  Robotics Facility  
  179  10:38  Photon Cannon  
  179  10:39  Photon Cannon  
  179  10:40  Shield Battery  
  179  10:43  Zealot x3, High Templar x4  
  179  10:44  Zealot x2  
  179  10:45  Pylon  
  179  10:48  Archon x2  
  179  10:49  Warp Prism (Chrono Boost)  
  195  10:58  Assimilator  
  195  10:59  Assimilator  
  189  11:15  Disruptor (Chrono Boost)  
  174  11:20  Zealot x10  
  177  11:38  Disruptor (Chrono Boost)  
  177  11:40  Disruptor (Chrono Boost)  
  177  11:41  Photon Cannon  
  177  11:42  Photon Cannon  
  177  11:44  Photon Cannon  
  177  11:46  Photon Cannon  
  180  11:48  Photon Cannon  
  180  11:49  High Templar x7  
  180  11:50  High Templar  
  180  11:51  Zealot x2  
  180  11:53  Archon  
  180  11:54  Archon x3  
  198  12:13  Nexus  
  198  12:29  Zealot x10  
  194  12:31  Disruptor x2 (Chrono Boost)  
  174  12:42  Probe x5  
  161  12:44  Pylon  
  155  12:53  Zealot x6  
  155  12:54  Probe x2  
  155  12:56  High Templar x4  
  173  13:03  Archon x2  
  161  13:12  Stalker x2  
  161  13:13  Stalker x4  
  176  13:30  Robotics Facility  
  176  13:34  Shield Battery  
  176  13:36  Photon Cannon  
  176  13:38  Stalker x9  
  176  13:39  Stalker  
Show
View Real Time Build Order
Export as new Build Order

Lambo Zerg 

Build Orders: Hatch First 

Get SALT Encoding   

  12  0:00  Drone  
  13  0:12  Overlord  
  13  0:16  Drone  
  14  0:31  Drone x2  
  16  0:47  Hatchery  
  15  0:51  Drone  
  15  0:55  Drone  
  17  0:57  Drone  
  18  1:09  Extractor  
  17  1:13  Spawning Pool  
  17  1:16  Drone  
  17  1:19  Drone  
  18  1:28  Drone  
  19  1:38  Drone  
  20  1:49  Drone  
  21  1:59  Queen x2  
  21  2:01  Overlord, Zergling x2  
  26  2:08  Metabolic Boost  
  26  2:10  Drone x2  
  28  2:22  Drone x2  
  30  2:34  Hatchery  
  30  2:35  Drone  
  30  2:37  Drone  
  30  2:43  Drone  
  32  2:44  Overlord  
  32  2:49  Queen  
  34  2:56  Drone x2  
  36  3:02  Queen  
  38  3:06  Overlord  
  38  3:09  Drone  
  38  3:10  Drone x3  
  42  3:18  Overlord  
  42  3:19  Drone  
  43  3:26  Queen  
  45  3:31  Overlord  
  45  3:35  Drone  
  45  3:39  Drone  
  47  3:42  Spore Crawler  
  47  3:48  Zergling x4  
  47  3:49  Zergling x2  
  47  3:51  Drone, Queen  
  52  3:59  Drone x7  
  52  4:00  Drone  
  60  4:05  Spore Crawler  
  59  4:10  Drone x2  
  59  4:15  Drone  
  62  4:17  Drone  
  62  4:20  Drone  
  64  4:25  Drone x4  
  64  4:31  Roach Warren, Drone x2  
  66  4:33  Drone  
  66  4:36  Drone  
  71  4:38  Drone x2  
  71  4:39  Extractor x2  
  71  4:40  Drone x2  
  70  4:46  Drone  
  70  4:50  Drone  
  70  4:52  Lair  
  72  4:53  Hatchery  
  72  4:56  Drone x5  
  71  5:02  Drone  
  72  5:07  Drone x2  
  72  5:08  Overlord  
  72  5:11  Evolution Chamber  
  72  5:12  Drone  
  72  5:13  Overlord  
  74  5:14  Overlord  
  74  5:18  Extractor  
  74  5:19  Drone, Overlord  
  74  5:27  Extractor, Queen  
  74  5:28  Spore Crawler, Extractor  
  74  5:29  Drone x5  
  74  5:33  Drone x3  
  81  5:36  Drone x3  
  81  5:38  Drone  
  84  5:44  Drone x5  
  84  5:49  Zerg Missile Weapons Level 1  
  89  5:50  Drone  
  89  5:54  Glial Reconstitution  
  90  5:57  Overlord, Spire  
  90  5:58  Roach  
  90  6:00  Roach  
  91  6:09  Spore Crawler  
  91  6:10  Drone x3  
  93  6:14  Queen x2  
  93  6:15  Spore Crawler, Drone x3  
  96  6:23  Spore Crawler  
  96  6:25  Drone x5  
  98  6:26  Drone  
  98  6:28  Drone x2  
  98  6:29  Drone  
  98  6:31  Drone x2  
  102  6:34  Drone x2  
  102  6:35  Drone  
  102  6:38  Spore Crawler  
  103  6:44  Drone x2  
  103  7:00  Drone  
  103  7:01  Extractor  
  102  7:02  Overlord  
  102  7:03  Overlord  
  102  7:04  Drone  
  102  7:06  Overlord  
  102  7:07  Spore Crawler  
  102  7:08  Overlord  
  102  7:09  Drone  
  102  7:15  Overlord  
  101  7:17  Drone x3  
  98  7:24  Corruptor x9  
  98  7:26  Drone x2  
  98  7:27  Drone  
  98  7:28  Drone x2  
  122  7:35  Corruptor  
  122  7:36  Roach x4  
  132  7:39  Drone  
  132  7:40  Drone, Baneling Nest  
  132  7:42  Drone  
  134  7:46  Drone x2  
  134  7:50  Roach  
  138  7:53  Zerg Melee Weapons Level 1  
  138  7:54  Drone  
  138  7:57  Drone, Evolution Chamber  
  138  7:58  Roach x2  
  143  8:01  Overlord  
  143  8:03  Overlord, Infestation Pit  
  143  8:04  Overlord  
  142  8:07  Overlord  
  142  8:08  Hatchery, Overlord  
  141  8:19  Roach  
  142  8:23  Roach x8  
  150  8:27  Roach x6  
  150  8:31  Roach x3  
  139  8:34  Roach x2  
  139  8:37  Roach  
  139  8:40  Roach x2  
  138  8:44  Roach x2  
  138  8:45  Roach  
  144  8:51  Roach x3  
  150  8:58  Roach  
  150  9:01  Roach x3  
  148  9:04  Roach x4  
  148  9:07  Roach x2  
  148  9:09  Ravager  
  145  9:10  Ravager  
  145  9:11  Roach x2  
  145  9:13  Roach  
  145  9:17  Ravager x4  
  145  9:23  Roach x3  
  144  9:27  Drone x2  
  144  9:29  Drone  
  146  9:31  Roach  
  146  9:33  Ravager x3  
  151  9:39  Overlord  
  151  9:43  Overlord  
  151  9:45  Overlord  
  151  9:52  Overlord  
  151  9:54  Zerg Melee Weapons Level 2  
  151  9:57  Overlord  
  151  10:01  Drone x8  
  151  10:06  Zergling x8  
  163  10:09  Zergling x6  
  163  10:11  Ravager  
  163  10:12  Drone  
  163  10:23  Zergling x16  
  163  10:27  Hive  
  170  10:28  Zergling x2  
  170  10:30  Ravager  
  170  10:31  Baneling x8  
  170  10:33  Zergling x2  
  172  10:36  Zergling x4  
  172  10:38  Baneling x6  
  174  10:44  Zergling x6  
  174  10:46  Queen  
  174  10:49  Zergling x2  
  181  10:50  Zergling x2  
  181  10:53  Baneling x11  
  181  10:54  Baneling x2  
  181  10:58  Zergling x6  
  181  11:03  Overlord  
  183  11:14  Zergling x10  
  171  11:19  Zergling x4  
  171  11:23  Baneling x5  
  164  11:27  Roach x3  
  164  11:31  Zergling x2  
  164  11:32  Queen x3  
  172  11:36  Roach x2  
  172  11:37  Baneling x15  
  172  11:38  Ravager  
  177  11:42  Zergling x4, Ravager  
  177  11:44  Queen  
  182  11:49  Zergling x8  
  186  11:56  Zergling x2  
  186  11:57  Centrifugal Hooks  
  186  12:00  Ravager  
  186  12:01  Zergling x6  
  191  12:07  Baneling x6  
  186  12:19  Zergling x2  
  179  12:25  Zergling x18  
  179  12:28  Roach  
  131  12:37  Roach x4  
  131  12:43  Roach x2  
  126  12:45  Queen  
  126  12:50  Baneling x11  
  126  12:51  Roach x2  
  127  12:54  Roach  
  130  12:58  Roach x2  
  129  13:06  Roach x4  
  129  13:10  Zergling x2  
  138  13:15  Roach x2  
  138  13:17  Baneling x5  
  138  13:19  Zergling x2  
  141  13:24  Hatchery  
  135  13:29  Ravager  
  135  13:30  Ravager x2  
Tags
 
Add a new tag
Caveats
  • Supply blocks, unpowered buildings, or Contaminate may cause inaccurate times.
  • Supply counts are checked every 10 seconds.